 Dungeon Crawl Stone Soup version 0.29-a0-1008-g949cc1d0fb (webtiles) character file.

Game seed: 13382784969564589664

2685 xian the Skirmisher (level 9, -2/60 (71) HPs)
             Began as a Barachi Wanderer on Aug 7, 2022.
             Slain by Joseph
             ... wielding a +1 quarterstaff of draining
              (7 damage)
             ... on level 7 of the Dungeon.
             The game lasted 00:21:04 (5263 turns).

xian the Skirmisher (Barachi Wanderer)              Turns: 5263, Time: 00:21:04

HP:   -2/60 (71)    AC:  7    Str: 10    XL:     9   Next: 64%
MP:   9/9           EV: 16    Int: 15    God:
Gold: 271           SH:  0    Dex: 25    Spells: 8/8 levels left

rFire   . . .      SeeInvis .   k - +2 short sword (elec)
rCold   + . .      Faith    .   (no shield)
rNeg    . . .      Spirit   .   i - +0 leather armour
rPois   .          Reflect  .   s - +1 helmet
rElec   .          Harm     .   (no cloak)
rCorr   +          Rampage  .   (no gloves)
Will    .....                   F - +1 pair of boots
Stlth   +++.......              p - amulet of regeneration
HPRegen 1.00/turn               r - ring of Menwinu {rC+ rCorr Int+4 Dex+4}
MPRegen 0.11/turn               K - +4 ring of evasion

@: heavily drained, slow
A: amphibious, slowness 1, strong legs 1, +LOS
a: Hop


You were on level 7 of the Dungeon.
You visited 2 branches of the dungeon, and saw 8 of its levels.
You also visited: Sewer.

You collected 343 gold pieces.
You spent 72 gold pieces at shops.

Inventory:

Hand Weapons
 f - the +3 spear of Tender Mercy {vorpal, rN+++ Int-2 Dex-4 Stlth+}
   (You found it on level 6 of the Dungeon)

   It inflicts extra damage upon your enemies.
   Int:       It affects your intelligence (-2).
   Dex:       It affects your dexterity (-4).
   rN:        It renders you almost immune to negative energy.
   Stlth:     It makes you more stealthy.
 h - a +3 sling of venom
 k - a +2 short sword of electrocution (weapon)
Missiles
 E - 2 throwing nets
Armour
 i - a +0 leather armour (worn)
 s - a +1 helmet (worn)
 F - a +1 pair of boots (worn)
 I - the +4 chain mail of Ytalaer {Rampage}
   (You found it on level 5 of the Dungeon)

   Rampage:   It bestows one free step when moving towards enemies.
Jewellery
 p - an amulet of regeneration (around neck)
 r - the ring of Menwinu (left hand) {rC+ rCorr Int+4 Dex+4}
   (You found it on level 2 of the Dungeon)

   [ring of resist corrosion]

   Int:       It affects your intelligence (+4).
   Dex:       It affects your dexterity (+4).
   rC:        It protects you from cold.
   rCorr:     It protects you from acid and corrosion.
 u - a ring of protection from cold
 v - a +6 ring of intelligence
 K - a +4 ring of evasion (right hand)
Wands
 J - a wand of flame (14)
 L - a wand of mindburst (19)
Scrolls
 a - 2 scrolls of silence
 c - a scroll of summoning
 e - 2 scrolls of vulnerability
 n - 6 scrolls of teleportation
 q - a scroll of immolation
 t - 3 scrolls of butterflies
 y - a scroll of identify
 A - a scroll of poison {unknown}
 C - a scroll of fear {unknown}
 M - a scroll of blinking {unknown}
Potions
 b - 2 potions of heal wounds
 g - 2 potions of ambrosia
 j - 2 potions of mutation {unknown}
 l - 4 potions of flight
 m - a potion of might {unknown}
 o - 3 potions of curing
 w - 3 potions of invisibility {unknown}
 x - a potion of experience {unknown}
 z - 3 potions of degeneration {unknown}
 D - 2 potions of haste
 G - a potion of resistance {unknown}
 H - a potion of attraction {unknown}
Miscellaneous
 d - a piece from Xom's chessboard (15/15) (quivered)


   Skills:
 + Level 6.5 Fighting
 + Level 2.3 Short Blades
 + Level 10.6 Ranged Weapons
 + Level 3.5 Armour
 + Level 2.0 Dodging
 + Level 2.5 Stealth
 + Level 2.4 Unarmed Combat
 + Level 3.6 Evocations


You had 8 spell levels left.
You didn't know any spells.
Your spell library contained the following spells:

 Spells                   Type           Power      Damage    Failure   Level
 Apportation              Tloc           0%         N/A       34%         1
 Necrotise                Necr           0%         1d4       34%         1
 Ensorcelled Hibernation  Hex/Ice        0%         N/A       47%         2
 Passwall                 Tmut/Erth      0%         N/A       47%         2
 Static Discharge         Conj/Air       0%         3-3/arc   47%         2
 Gell's Gravitas          Tloc           0%         N/A       71%         3
 Ignite Poison            Fire/Tmut/Pois 0%         N/A       71%         3
 Lesser Beckoning         Tloc           0%         N/A       71%         3
 Mephitic Cloud           Conj/Pois/Air  0%         N/A       71%         3
 Stone Arrow              Conj/Erth      0%         3d7       71%         3
 Swiftness                Air            0%         N/A       71%         3
 Teleport Other           Tloc           0%         N/A       71%         3
 Vampiric Draining        Necr           0%         2d6       71%         3
 Animate Armour           Summ/Erth      0%         N/A       98%         4
 Dispel Undead            Necr           0%         3d6       98%         4
 Sticky Flame             Conj/Fire      0%         2d3       98%         4
 Agony                    Necr           0%         N/A       100%        5
 Alistair's Intoxication  Tmut/Pois      0%         N/A       100%        5
 Freezing Cloud           Conj/Ice/Air   0%         6-21      100%        5
 Lehudib's Crystal Spear  Conj/Erth      0%         10d2      100%        8


Dungeon Overview and Level Annotations

Branches:
Dungeon (7/15)             Temple (1/1) D:7           Sewer (visited)

Altars:
Ashenzari
Cheibriados
Dithmenos
Elyvilon
Fedhas
Gozag
Hepliaklqana
Kikubaaqudgha
Makhleb
Nemelex Xobeh
Okawaru
Qazlal
Ru
Sif Muna
Trog
Uskayaw
Vehumet
Wu Jian
Xom
Zin

Shops:
D:2 !   D:5 [

Annotations:
D:7 Joseph


Innate Abilities, Weirdness & Mutations

You are amphibious.
You cover ground slowly.
You can hop short distances.
You have an extended range of vision and can be seen from far away.


Message History

Joseph wields a +0 sling.
Joseph shoots a sling bullet.
The sling bullet misses you.
You shoot a sling bullet. The sling bullet closely misses Joseph.
You shoot a sling bullet.
The sling bullet hits the orc but does no damage.
The orc is poisoned.
The orc hits you with a +0 hand axe.
You shoot a sling bullet. The sling bullet hits the orc!
You kill the orc!
Joseph unwields a +0 sling.
Joseph wields a +1 quarterstaff of draining.
You sense an unholy aura.
Joseph hits you with a +1 quarterstaff of draining!
You feel drained.
Your +3 sling of venom stops dripping with poison.
You hear the crackle of electricity.
k - a +2 short sword of electrocution (weapon)
You hit Joseph. Lightning courses through Joseph!
Joseph is moderately wounded.
Joseph completely misses you.
You hit Joseph. Lightning courses through Joseph!
Joseph is heavily wounded.
Joseph hits you with a +1 quarterstaff of draining!
You feel drained.
You puncture Joseph! Lightning courses through Joseph!
Joseph is almost dead.
Joseph drinks a potion.
Joseph is healed!
You hit Joseph.
Joseph is severely wounded.
Joseph hits you with a +1 quarterstaff of draining!!
You feel drained.
You hit Joseph but do no damage.
Joseph is severely wounded.
Joseph hits you with a +1 quarterstaff of draining!
* * * LOW HITPOINT WARNING * * *
You feel drained.
* * * LOW HITPOINT WARNING * * *
You hit Joseph.
Joseph is almost dead.
Joseph hits you with a +1 quarterstaff of draining!
You die...

...# ...# ...##
....### ##### #
......## #...# .#
..###..######.#.##
..# ..#
##.....##.#..# ...#
..#
#...#....##.#....##.
..#
#...#######@).......
### #...# ##@###....
##### ..# > #.# .#
.. ###


You could see Joseph (very poisoned).

Vanquished Creatures
  Prince Ribbit (D:7)
  Grinder (D:3)
  Sigmund (D:3)
  A wyvern (D:6)
  A water moccasin (Sewer)
  3 ice beasts
  3 ogres
  2 centaurs
  A phantom (D:5)
  2 bullfrogs (D:6)
  2 scorpions (D:5)
  2 necrophages
  A howler monkey (D:7)
  A jelly (D:6)
  3 orc priests
  4 hounds
  An iguana (D:6)
  5 orc wizards
  11 gnolls
  5 river rats (D:3)
  8 adders
  A shadow imp (D:6)
  A white imp (D:4)
  2 worms (D:3)
  A dart slug (D:3)
  21 orcs
  6 ball pythons
  7 endoplasms
  2 giant cockroaches
  11 goblins
  4 hobgoblins
  5 jackals
  5 quokkas
  2 bats
  2 frilled lizards (D:2)
  8 kobolds
  7 rats
144 creatures vanquished.

Notes
Turn   | Place    | Note
-------+----------+-------------------------------------------
     0 | D:1      | xian the Barachi Wanderer began the quest for the Orb.
     0 | D:1      | xian set off with the following items: a +0 sling, a potion
                  | of heal wounds, a potion of haste, a piece from Xom's
                  | chessboard (15/15), a scroll of vulnerability, a +0 robe.
     0 | D:1      | Reached XP level 1. HP: 15/15 MP: 1/1
   108 | D:1      | Found a faded altar of an unknown god.
   140 | D:1      | Reached XP level 2. HP: 21/21 MP: 2/2
  1207 | D:1      | Reached XP level 3. HP: 26/26 MP: 3/3
  1539 | D:2      | Reached skill level 3 in Ranged Weapons
  1591 | D:2      | Found Tiguthry's Distillery.
  1601 | D:2      | Bought a potion of curing for 36 gold pieces
  1601 | D:2      | Bought a potion of flight for 36 gold pieces
  1722 | D:2      | Identified the ring of Menwinu {rC+ rCorr Int+4 Dex+4}
  1863 | D:2      | Found a stormy altar of Qazlal.
  1941 | D:3      | Reached XP level 4. HP: 32/32 MP: 4/4
  2016 | D:3      | Noticed Sigmund
  2018 | D:3      | Noticed Grinder
  2062 | D:4      | Reached skill level 4 in Ranged Weapons
  2062 | D:4      | Reached XP level 5. HP: 38/38 MP: 5/5
  2099 | D:3      | Killed Grinder
  2100 | D:3      | Reached skill level 5 in Ranged Weapons
  2100 | D:3      | Reached XP level 6. HP: 18/47 MP: 6/6
  2112 | D:3      | Killed Sigmund
  2113 | D:3      | Reached skill level 1 in Short Blades
  2113 | D:3      | Reached skill level 1 in Dodging
  2113 | D:3      | Reached XP level 7. HP: 25/52 MP: 7/7
  2273 | D:3      | Found a shadowy altar of Dithmenos.
  2318 | D:3      | Reached skill level 6 in Ranged Weapons
  2353 | D:3      | Found a glowing drain.
  2361 | Sewer    | Entered a sewer
  2922 | D:4      | Found an opulent altar of Gozag.
  2922 | D:4      | Found a shimmering altar of Xom.
  2922 | D:4      | Found an iron altar of Okawaru.
  3192 | D:4      | Found a radiant altar of Vehumet.
  3206 | D:4      | Found a sacrificial altar of Ru.
  3408 | D:5      | Entered Level 5 of the Dungeon
  3408 | D:5      | Found Imiduiri's Armour Shop.
  3427 | D:5      | Found a snail-covered altar of Cheibriados.
  3439 | D:5      | Reached skill level 7 in Ranged Weapons
  3439 | D:5      | Reached XP level 8. HP: 60/60 MP: 8/8
  3704 | D:5      | Reached skill level 8 in Ranged Weapons
  3712 | D:5      | Identified the +4 chain mail of Ytalaer {Rampage}
  3747 | D:5      | Reached skill level 5 in Fighting
  3748 | D:5      | Found a broken altar of Ashenzari.
  3749 | D:5      | Found a burning altar of Makhleb.
  4327 | D:6      | Found a blossoming altar of Fedhas.
  4332 | D:6      | Reached skill level 9 in Ranged Weapons
  4332 | D:6      | Reached XP level 9. HP: 62/68 MP: 9/9
  4651 | D:6      | Identified the +3 spear of Tender Mercy {vorpal, rN+++
                  | Int-2 Dex-4 Stlth+}
  4721 | D:6      | Found a hide-covered altar of Uskayaw.
  4827 | D:7      | Noticed Prince Ribbit
  4835 | D:7      | Killed Prince Ribbit
  4836 | D:7      | Reached skill level 10 in Ranged Weapons
  4952 | D:7      | Found a staircase to the Ecumenical Temple.
  4966 | Temple   | Entered the Ecumenical Temple
  5251 | D:7      | Noticed Joseph
  5263 | D:7      | Slain by Joseph

Illustrated notes

Levels and vault maps discovered:
D:1:      saegor_arrival_simple_b, layout_basic,
          hellmonk_ecumenical_altar_arch_garden, minmay_misc_feat_doors,
          minmay_pentomino_r2
D:2:      layout_rooms, basic_altar, serial_shops, shop
D:3:      layout_basic, grunt_dithmenos_smoke, lightli_sewer_entry_pipes,
          chequers_big_river, uniq_sigmund, uniq_grinder
D:4:      layout_cave_pools, gammafunk_temple_overflow_forgotten,
          mainiacjoe_overflow_swirl
D:5:      cheibrodos_quashed, layout_loops_ring, lemuel_round_altar,
          nicolae_overflow_two_pavilions, serial_shops, shop
D:6:      layout_basic, fedhas_bush_and_centaur_altar,
          lemuel_coloured_pillars_altar
D:7:      minmay_polygon_palace, layout_basic, minmay_temple_entry_hall,
          uniq_crazy_yiuf_cottage, uniq_duvessa, uniq_joseph,
          uniq_prince_ribbit1
Temple:   hellmonk_temple_beads

Skill      XL: |  1  2  3  4  5  6  7  8  9 |
---------------+----------------------------+-----
Ranged Weapons | 3 4 5 7 9 10 | 10.6
Armour         | 2 3 |  3.5
Fighting       | 2 3 5 6 |  6.5
Short Blades   | 1 2 |  2.3
Dodging        | 1 2 |  2.0
Stealth        | 2 |  2.5
Unarmed Combat | |  2.4
Evocations     | |  3.6

Action                   |  1- 3 |  4- 6 |  7- 9 || total
-------------------------+-------+-------+-------++-------
Melee: Short sword       |       |    15 |    17 ||    32
       Punch             |       |     2 |     1 ||     3
       Sling             |       |       |     2 ||     2
 Fire: Sling             |   113 |    25 |   278 ||   416
Evoke: Piece from Xom's  |     5 |     3 |       ||     8
  Use: Scroll            |     1 |     4 |     7 ||    12
       Potion            |       |     2 |       ||     2
Armor: Leather armour    |     7 |    15 |    33 ||    55
Dodge: Dodged            |    23 |    14 |    38 ||    75

Table legend: (Time is in decaauts)
 A = Elapsed time spent in this place.
 B = Non-inter-level travel time spent in this place.
 C = Inter-level travel time spent in this place.
 D = Time resting spent in this place.
 E = Time spent auto-exploring this place.
 F = Levels seen in this place.
 G = Mean time per level.
                   A        B        C        D        E       F      G
               +--------+--------+--------+--------+--------+-----+--------+
         Total |   6085 |   5901 |    184 |      0 |   4612 |   9 |  676.1 |
       Dungeon |   5790 |   5606 |    184 |      0 |   4413 |   7 |  827.1 |
        Temple |    157 |    157 |      0 |      0 |    102 |   1 |  157.0 |
         Sewer |    138 |    138 |      0 |      0 |     97 |   1 |  138.0 |
               +--------+--------+--------+--------+--------+-----+--------+

Top non-repeatable levels by time:
     D:1: 1535 daAuts
     D:3: 901 daAuts
     D:5: 865 daAuts
     D:6: 792 daAuts
     D:2: 676 daAuts
     D:4: 667 daAuts
     D:7: 350 daAuts
  Temple: 157 daAuts
   Sewer: 138 daAuts
